 Dungeon Crawl Stone Soup version 0.29-a0-378-gc08b2e8bf8 (webtiles) character file.

Game seed: 8685167746502989153

33 Bruhh the Slasher (level 3, 0/29 HPs)
             Began as a Merfolk Monk on May 5, 2022.
             Was a Believer of Okawaru.
             Slain by a worm (10 damage)
             ... on level 2 of the Dungeon.
             The game lasted 00:00:55 (1137 turns).

Bruhh the Slasher (Merfolk Monk)                    Turns: 1137, Time: 00:00:56

Health: 0/29       AC:  2    Str: 11    XL:     3   Next: 29%
Magic:  1/3        EV: 14    Int:  9    God:    Okawaru [**....]
Gold:   55         SH:  0    Dex: 18    Spells: 2/2 levels left

rFire   . . .      SeeInvis .   a - +0 falchion
rCold   . . .      Faith    .   (no shield)
rNeg    . . .      Spirit   .   b - +0 robe
rPois   .          Reflect  .   (no helmet)
rElec   .          Harm     .   (no cloak)
rCorr   .          Rampage  .   (no gloves)
Will    .....                   (no boots)
Stlth   ++........              (no amulet)
HPRegen 0.09/turn               (no ring)
MPRegen 0.08/turn               (no ring)

@: no status effects
A: (nimble swimmer 2), mertail
a: Renounce Religion, Heroism


You were on level 2 of the Dungeon.
You worshipped Okawaru.
Okawaru was pleased with you.
You visited 1 branch of the dungeon, and saw 2 of its levels.

You collected 55 gold pieces.

Inventory:

Hand Weapons
 a - a +0 falchion (weapon)
Armour
 b - a +0 robe (worn)
Scrolls
 e - a scroll of teleportation {unknown}
Potions
 c - a potion of ambrosia
 d - 4 potions of attraction {unknown}
 f - a potion of berserk rage {unknown}
 g - a potion of might {unknown}
 h - a potion of invisibility {unknown}
 i - a potion of curing {unknown}


   Skills:
 - Level 3.2 Fighting
 + Level 5.2 Long Blades
 - Level 4.0 Dodging
 - Level 2.1 Stealth


You had 2 spell levels left.
You didn't know any spells.
Your spell library was empty.

Dungeon Overview and Level Annotations

Branches:
Dungeon (2/15)

Altars:
Okawaru


Innate Abilities, Weirdness & Mutations

((You are very nimble when in or above water. (Stealth+, EV+, Speed+++)))
Your lower body shifts to a powerful aquatic tail in water.


Message History

You closely miss the adder. The adder closely misses you.
The giant cockroach closely misses you.
You slash the adder!
The adder is severely wounded.
The adder bites you.
The giant cockroach completely misses you.
The worm bites you!
You barely miss the adder.
The adder is severely wounded.
The adder barely misses you.
The giant cockroach bites you but does no damage.
You hit the adder but do no damage.
The adder is severely wounded.
The adder misses you. The giant cockroach misses you. The worm bites you!
You are too injured to fight recklessly!
You are too injured to fight recklessly!
You are too injured to fight recklessly!
You hit the adder.
You kill the adder!
Okawaru accepts your kill. The giant cockroach barely misses you.
Your base Long Blades skill increases to level 5!
The worm barely misses you.
You are too injured to fight recklessly!
You are too injured to fight recklessly!
You hit the giant cockroach.
The giant cockroach is moderately wounded.
The giant cockroach misses you.
You hit the giant cockroach but do no damage.
The giant cockroach is moderately wounded.
You feel like a meek peon again. The giant cockroach bites you.
You hit the giant cockroach.
The giant cockroach is almost dead.
The giant cockroach barely misses you.
You closely miss the giant cockroach.
The giant cockroach is almost dead.
The giant cockroach bites you but does no damage.
The worm bites you!
You die...

####.#######..........
#......................
##..........###.........
..............#.........
..................#.#.##
#...........#####.....
............## #....##
##......w....#....#....
.......@B......###..##..
#####.###†.........## ##
.. #..........## .$.
............ #..
............. ..
....!.......... .
...............
.....#...##...#


You could see a worm and a giant cockroach.

Vanquished Creatures
  2 adders (D:2)
  A dart slug (D:1)
  A ball python (D:1)
  2 endoplasms (D:1)
  2 giant cockroaches
  2 kobolds (D:1)
  A quokka (D:1)
  A rat (D:1)
12 creatures vanquished.

Notes
Turn   | Place    | Note
-------+----------+-------------------------------------------
     0 | D:1      | Bruhh the Merfolk Monk began the quest for the Orb.
     0 | D:1      | Reached XP level 1. HP: 18/18 MP: 1/1
   132 | D:1      | Reached skill level 4 in Long Blades
   339 | D:1      | Found a faded altar of an unknown god.
   499 | D:1      | Reached XP level 2. HP: 23/24 MP: 2/2
   548 | D:1      | Prayed at the altar of an unknown god.
   548 | D:1      | Became a worshipper of Warmaster Okawaru
   548 | D:1      | Reached * piety under Okawaru
   548 | D:1      | Reached ** piety under Okawaru
  1124 | D:2      | Reached XP level 3. HP: 28/29 MP: 3/3
  1131 | D:2      | Reached skill level 5 in Long Blades
  1137 | D:2      | Slain by a worm

Illustrated notes

Levels and vault maps discovered:
D:1:      dpeg_arrival_pits, layout_basic, chequers_ecumenical_altar_twisty
D:2:      layout_rooms

Skill      XL: |  1  2  3 |
---------------+----------+-----
Long Blades    | 4 5 |  5.2
Fighting       | |  3.2
Dodging        | |  4.0
Stealth        | |  2.1

Action                   || total
-------------------------++-------
Melee: Falchion          ||    39
Invok: Heroism           ||     1
 Stab: Sleeping          ||     2
Armor: Robe              ||     9
Dodge: Dodged            ||    32

Table legend: (Time is in decaauts)
 A = Elapsed time spent in this place.
 B = Non-inter-level travel time spent in this place.
 C = Inter-level travel time spent in this place.
 D = Time resting spent in this place.
 E = Time spent auto-exploring this place.
 F = Levels seen in this place.
 G = Mean time per level.
                   A        B        C        D        E       F      G
               +--------+--------+--------+--------+--------+-----+--------+
         Total |   1135 |   1087 |     48 |      0 |    974 |   2 |  567.5 |
       Dungeon |   1135 |   1087 |     48 |      0 |    974 |   2 |  567.5 |
               +--------+--------+--------+--------+--------+-----+--------+

Top non-repeatable levels by time:
     D:1: 939 daAuts
     D:2: 195 daAuts
